 Dungeon Crawl Stone Soup version 0.28.0-1-gb440e238dd (webtiles) character file.

Game seed: 13843122290861851998

62314 hikkokomori the Basher (level 15, 0/115 HPs)
             Began as a Gnoll Wanderer on Feb 21, 2022.
             Was the Champion of Okawaru.
             Slain by an orc knight (18 damage)
             ... on level 2 of the Orcish Mines on Feb 22, 2022.
             The game lasted 01:35:26 (31588 turns).

hikkokomori the Basher (Gnoll Wanderer)            Turns: 31588, Time: 01:35:26

Health: 0/115      AC: 23    Str: 21    XL:     15   Next: 5%
Magic:  25/30      EV: 21    Int: 15    God:    Okawaru [******]
Gold:   1593       SH: 15    Dex: 13    Spells: 14/36 levels left

rFire   . . .      SeeInvis +   F - +2 flail (vorpal)
rCold   + . .      Faith    +   D - +2 kite shield
rNeg    + . .      Spirit   .   b - +5 ring mail "Vygywn" {Int+4 SInv}
rPois   .          Reflect  .   (no helmet)
rElec   .          Harm     .   M - scarf {repulsion}
rCorr   .          Rampage  .   u - +2 pair of gloves {Str+3}
Will    +....                   g - +0 pair of boots
Stlth   +++++.....              h - amulet of Domoar {Faith rC+ rN+}
HPRegen 0.29/turn               c - +4 ring of evasion
MPRegen 0.22/turn               v - +4 ring of protection

@: heroic, repel missiles
A: fangs 1, strong nose, distributed training
a: Renounce Religion, Heroism, Finesse, Duel


You were on level 2 of the Orcish Mines.
You worshipped Okawaru.
Okawaru was exalted by your worship.
You visited 4 branches of the dungeon, and saw 22 of its levels.

You collected 1840 gold pieces.
You spent 247 gold pieces at shops.

Inventory:

Hand Weapons
 o - a +2 dagger of flaming
 F - a +2 vorpal flail (weapon)
 U - a +2 morningstar
 X - a +0 arbalest of flaming
Missiles
 d - 4 throwing nets (quivered)
 B - 5 atropa-tipped darts
Armour
 b - the +5 ring mail "Vygywn" (worn) {Int+4 SInv}
   (Okawaru gifted it to you on level 6 of the Lair of Beasts)

   Int:       It affects your intelligence (+4).
   SInv:      It lets you see invisible.
 g - a +0 pair of boots (worn)
 u - a +2 pair of gloves of strength (worn)
 D - a +2 kite shield (worn)
 E - the +1 robe of Abstinence {rElec rPois rCorr Int-2}
   (You took it off an orc on level 5 of the Dungeon)

   Int:       It affects your intelligence (-2).
   rElec:     It insulates you from electricity.
   rPois:     It protects you from poison.
   rCorr:     It protects you from acid and corrosion.
 M - a scarf of repulsion (worn)
 O - +0 acid dragon scales
Jewellery
 c - a +4 ring of evasion (left hand)
 h - the amulet of Domoar (around neck) {Faith rC+ rN+}
   (You acquired it on level 4 of the Lair of Beasts)

   [amulet of faith]

   It allows you to gain divine favour quickly.
   rC:        It protects you from cold.
   rN:        It protects you from negative energy.
 t - a ring of willpower
 v - a +4 ring of protection (right hand)
 G - a ring of resist corrosion
 N - a +6 ring of intelligence
Wands
 a - a wand of iceblast (9)
 p - a wand of paralysis (12)
 y - a wand of polymorph (7)
 z - a wand of acid (4)
 H - a wand of flame (16)
 I - a wand of mindburst (2)
 R - a wand of digging (16)
Scrolls
 e - 7 scrolls of immolation
 f - 3 scrolls of enchant weapon
 k - 12 scrolls of teleportation
 n - 3 scrolls of fear
 q - 2 scrolls of enchant armour
 r - 2 scrolls of holy word
 s - 5 scrolls of blinking
 w - 3 scrolls of magic mapping
 A - 4 scrolls of amnesia
 L - a scroll of silence
 T - 6 scrolls of fog
 Z - 7 scrolls of identify
Potions
 i - a potion of magic
 j - 4 potions of flight
 m - a potion of berserk rage
 x - a potion of heal wounds
 C - 4 potions of ambrosia
 J - 4 potions of brilliance
 K - 2 potions of curing
 P - 5 potions of invisibility
 Q - 3 potions of lignification
 S - 3 potions of might
 V - 3 potions of resistance
 W - 6 potions of haste
 Y - a potion of mutation
Miscellaneous
 l - a tin of tremorstones (1/2)


   Skills:
 + Level 9.8(14.8) Fighting
 + Level 9.8(14.8) Short Blades
 + Level 9.8(14.8) Long Blades
 + Level 9.8(14.8) Axes
 + Level 11.7(16.7) Maces & Flails
 + Level 9.8(14.8) Polearms
 + Level 9.8(14.8) Staves
 + Level 9.8(14.8) Slings
 + Level 9.8(14.8) Bows
 + Level 9.8(14.8) Crossbows
 + Level 10.1(15.1) Throwing
 + Level 10.8(15.8) Armour
 + Level 10.1(15.1) Dodging
 + Level 9.8(14.8) Stealth
 + Level 9.8(14.8) Shields
 + Level 9.8(14.8) Unarmed Combat
 + Level 11.0 Spellcasting
 + Level 8.1 Conjurations
 + Level 8.1 Hexes
 + Level 8.1 Summonings
 + Level 8.1 Necromancy
 + Level 8.1 Translocations
 + Level 8.5 Transmutations
 + Level 8.1 Fire Magic
 + Level 8.1 Ice Magic
 + Level 8.1 Air Magic
 + Level 8.1 Earth Magic
 + Level 8.1 Poison Magic
 + Level 10.6 Invocations
 + Level 9.8 Evocations


You had 14 spell levels left.
You knew the following spells:

 Your Spells              Type           Power      Damage    Failure   Level
a - Wereblood             Tmut           33%        N/A       1%          2
b - Passwall              Tmut/Erth      27%        N/A       1%          2
c - Mephitic Cloud        Conj/Pois/Air  32%        N/A       2%          3
d - Swiftness             Air            32%        N/A       2%          3
e - Apportation           Tloc           64%        N/A       1%          1
f - Ozocubu's Armour      Ice            32%        N/A       2%          3
g - Olgreb's Toxic Radia  Pois           32%        N/A       8%          4
h - Airstrike             Air            16%        N/A       8%          4

Your spell library contained the following spells:

 Spells                   Type           Power      Damage    Failure   Level
 Sandblast                Erth           64%        2d14      1%          1
 Shock                    Conj/Air       100%       1d9       1%          1
 Slow                     Hex            100%       N/A       1%          1
 Sublimation of Blood     Necr           32%        N/A       1%          2
 Confusing Touch          Hex            32%        N/A       2%          3
 Conjure Flame            Conj/Fire      32%        6-21      2%          3
 Dazzling Flash           Conj/Hex       64%        N/A       2%          3
 Frozen Ramparts          Ice            64%        1d8       2%          3
 Ignite Poison            Fire/Tmut/Pois 33%        N/A       2%          3
 Portal Projectile        Hex/Tloc       64%        N/A       2%          3
 Stone Arrow              Conj/Erth      64%        3d11      2%          3
 Vampiric Draining        Necr           32%        2d8       2%          3
 Ice Form                 Ice/Tmut       33%        N/A       7%          4
 Petrify                  Tmut/Erth      33%        N/A       7%          4
 Flame Wave               Conj/Fire      32%        2d8       8%          4
 Passage of Golubria      Tloc           32%        N/A       8%          4
 Sticky Flame             Conj/Fire      32%        2d5       8%          4
 Alistair's Intoxication  Tmut/Pois      22%        N/A       19%         5
 Blade Hands              Tmut           16%        N/A       19%         5
 Irradiate                Conj/Tmut      16%        3d19      19%         5
 Agony                    Necr           32%        N/A       21%         5
 Excruciating Wounds      Necr           16%        N/A       21%         5
 Iskenderun's Battlesphe  Conj           32%        2d8       21%         5
 Silence                  Hex/Air        16%        N/A       21%         5
 Conjure Ball Lightning   Conj/Air       16%        3x3d6     75%         6
 Ozocubu's Refrigeration  Ice            16%        4d8       99%         7
 Lehudib's Crystal Spear  Conj/Erth      16%        10d5      100%        8
 Summon Ice Beast         Ice/Summ       Unusable   N/A       N/A         4

Dungeon Overview and Level Annotations

Branches:
Dungeon (13/15)            Temple (1/1) D:7            Lair (6/6) D:8
  Swamp (0/4) Lair:3        Snake (0/4) Lair:3        Slime (0/5) Lair:6
    Orc (2/2) D:11            Elf (0/3) Orc:2        Vaults (0/5) D:13

Altars:
Ashenzari
Gozag
Kikubaaqudgha
Nemelex Xobeh
Okawaru
Ru
Sif Muna
Trog
Vehumet
Wu Jian
Yredelemnul
Zin
Beogh
Jiyva

Shops:
D:1 (?   D:2 (   D:6 *   D:7 !   D:8 *   Orc:2 =

Annotations:
D:9 3 runed translucent doors, AlmostDecent's ghost, novice MiHu
D:13 Rupert; Urug
Lair:6 1 runed translucent door
Orc:2 1 runed translucent door, Saint Roka; chmiii's ghost, journeyman TrGl


Innate Abilities, Weirdness & Mutations

You have very sharp teeth.
Your uncanny sense of smell can sniff out nearby items.
Your experience applies equally to all skills.


Message History

The orc knight is heavily wounded.
The orc knight hits you with a +0 bardiche!
You hit the orc knight.
The orc knight is heavily wounded.
The orc knight hits you but does no damage.
You hit the orc knight.
The orc knight is severely wounded.
You block the orc knight's attack.
You closely miss the orc knight.
The orc knight is severely wounded.
You block the orc knight's attack.
You closely miss the orc knight.
The orc knight is severely wounded.
The orc knight hits you with a +0 bardiche!!
You barely miss the orc knight.
The orc knight is severely wounded.
The orc knight looks more healthy.
You block the orc knight's attack.
You hit the orc knight but do no damage.
The orc knight is severely wounded.
You block the orc knight's attack.
You hit the orc knight.
You bite the orc knight, but do no damage.
The orc knight is severely wounded.
The orc knight hits you but does no damage.
You hit the orc knight but do no damage.
The orc knight is severely wounded.
The orc knight hits you with a +0 bardiche!
* * * LOW HITPOINT WARNING * * *
You gain the combat prowess of a mighty hero.
The orc knight hits you with a +0 bardiche!
* * * LOW HITPOINT WARNING * * *
You hit the orc knight but do no damage.
The orc knight is severely wounded.
You closely miss the orc knight.
The orc knight is severely wounded.
You block the orc knight's attack.
You barely miss the orc knight.
The orc knight is severely wounded.
The orc knight hits you with a +0 bardiche!!
You die...

#.....###..#.#_..))..
#......#...#.#...#...
#...#########......#..##.#####..^
#............)........#..........
............).............#.....
#.................##.#.#........
#.............#)##..####....#'##
##.#..........)o.....# ##.#.#))#
#..........##.#@....## ###.#..#
##..#........##.....## #.#..#
#............###....# #.#8.#
##.##.........###...# #.####
###.........## ..## #.....
##...........# ..# ######
#.............# ...
##..#.#.......# ...#
#...##.#...#.... ..##


You could see an orc knight.

Vanquished Creatures
  Jorgrun (Orc:2)
  Josephine (Orc:2)
  An ice dragon (D:12)
  A boulder beetle (D:12)
  A catoblepas (Lair:2)
  A merfolk avatar (Lair:6)
  A death knight (D:12)
  2 hydras
  5 two-headed ogres
  8 death yaks
  A deep troll earth mage (D:12)
  An orc high priest (Orc:1)
  The ghost of Vianisch the Fighter, a novice MiBe of Trog (Lair:1)
  A sea snake (Lair:6)
  2 deep elf pyromancers (D:12)
  A harpy (Lair:6)
  Pikel (D:6)
  3 orc knights
  3 orc sorcerers
  An ugly thing (D:10)
  2 manticores
  4 cyclopes
  A guardian serpent (Lair:3)
  9 elephants (Lair:6)
  7 black mambas
  A gargoyle (D:12)
  9 cane toads
  An unseen horror (D:11)
  Maggie (D:7)
  4 rime drakes
  A kobold demonologist (D:10)
  15 komodo dragons
  3 polar bears (Lair:6)
  A wind drake (Lair:6)
  2 tyrant leeches (Lair:3)
  10 trolls
  A queen bee (Lair:1)
  2 hornets
  Prince Ribbit (D:5)
  5 slime creatures
  A meliai zombie (D:10)
  A snapping turtle (Lair:6)
  A shadow (D:12)
  A basilisk (Lair:6)
  7 wraiths
  16 yaks
  5 wyverns
  3 humans (D:12)
  2 steam dragons (Lair:6)
  Menkaure (D:5)
  10 vampire mosquitoes
  Edmund (D:5)
  4 wargs
  17 water moccasins
  Duvessa (D:5)
  A black bear (Lair:2)
  An ice beast (D:7)
  A necrophage (D:5)
  29 orc warriors
  A hornet zombie (D:9)
  3 ogres
  15 centaurs
  14 wolves
  2 phantoms
  A kobold brigand (D:5)
  18 bullfrogs
  A wyvern zombie (D:3)
  A scorpion (D:6)
  A gnoll sergeant (D:10)
  A water moccasin zombie (D:6)
  Dowan (D:5)
  A water moccasin skeleton (D:4)
  28 killer bees
  22 wights
  7 electric eels
  3 centaur zombies
  A howler monkey (D:10)
  12 orc priests
  2 hounds (D:5)
  A jelly (D:7)
  A centaur skeleton (D:6)
  Jessica (D:3)
  Natasha (D:3)
  2 bullfrog skeletons
  3 iguanas
  Ijyb (D:3)
  27 orc wizards
  2 hound skeletons
  A howler monkey zombie (D:8)
  5 adders
  3 shadow imps
  An ufetubus (D:4)
  A worm (D:3)
  The ghost of Icepheonix32 the Sneak, a weakling DsDe (D:5)
  2 dart slugs
  92 orcs
  2 bats
  6 endoplasms
  5 giant cockroaches
  9 goblins
  A hobgoblin (D:3)
  2 jackals (D:4)
  2 quokkas
  6 frilled lizards
  13 kobolds
  3 rats (D:1)
549 creatures vanquished.

Vanquished Creatures (others)
  A swamp drake (D:11)
  A bullfrog (Lair:2)
  An orc (Orc:2)
  43 fungi
  67 plants
113 creatures vanquished.

Grand Total: 662 creatures vanquished

Notes
Turn   | Place    | Note
-------+----------+-------------------------------------------
     0 | D:1      | hikkokomori the Gnoll Wanderer began the quest for the Orb.
     0 | D:1      | hikkokomori set off with the following items: a +2 mace, a
                  | +0 ring mail; and the following spells available to
                  | memorise: Wereblood, Passwall
     0 | D:1      | Reached XP level 1. HP: 13/13 MP: 6/6
    35 | D:1      | Found a faded altar of an unknown god.
    62 | D:1      | Found Gaapn's Magic Scroll Shop.
   285 | D:1      | Reached XP level 2. HP: 19/19 MP: 7/7
   309 | D:1      | Found Ninipsa's Weapon Shoppe.
   830 | D:2      | Found Mayzuirr's Weapon Shoppe.
   953 | D:2      | Reached XP level 3. HP: 23/25 MP: 9/9
  1108 | D:2      | Reached skill level 5 in Spellcasting
  1229 | D:2      | Reached skill level 1 in Invocations
  1595 | D:3      | Noticed Jessica
  1601 | D:3      | Killed Jessica
  1602 | D:3      | Reached skill level 1 in Fighting
  1602 | D:3      | Reached skill level 1 in Short Blades
  1602 | D:3      | Reached skill level 1 in Long Blades
  1602 | D:3      | Reached skill level 1 in Axes
  1602 | D:3      | Reached skill level 1 in Polearms
  1602 | D:3      | Reached skill level 1 in Staves
  1602 | D:3      | Reached skill level 1 in Slings
  1602 | D:3      | Reached skill level 1 in Bows
  1602 | D:3      | Reached skill level 1 in Crossbows
  1602 | D:3      | Reached skill level 1 in Stealth
  1602 | D:3      | Reached skill level 1 in Shields
  1602 | D:3      | Reached skill level 1 in Unarmed Combat
  1602 | D:3      | Reached skill level 1 in Evocations
  1602 | D:3      | Reached XP level 4. HP: 31/32 MP: 11/11
  1613 | D:3      | Reached skill level 1 in Conjurations
  1613 | D:3      | Reached skill level 1 in Hexes
  1613 | D:3      | Reached skill level 1 in Summonings
  1613 | D:3      | Reached skill level 1 in Necromancy
  1613 | D:3      | Reached skill level 1 in Translocations
  1613 | D:3      | Reached skill level 1 in Fire Magic
  1613 | D:3      | Reached skill level 1 in Ice Magic
  1613 | D:3      | Reached skill level 1 in Air Magic
  1613 | D:3      | Reached skill level 1 in Earth Magic
  1613 | D:3      | Reached skill level 1 in Poison Magic
  1613 | D:3      | Reached XP level 5. HP: 23/37 MP: 12/12
  2288 | D:3      | Noticed Ijyb
  2291 | D:3      | Paralysed by Ijyb for 5 turns
  2303 | D:3      | Killed Ijyb
  2427 | D:3      | Found the +1 Delatra's gloves {ID++}
  2590 | D:3      | Reached XP level 6. HP: 44/44 MP: 13/13
  2770 | D:3      | Noticed Natasha
  2776 | D:3      | Killed Natasha
  3249 | D:4      | Reached skill level 5 in Armour
  3599 | D:4      | Reached XP level 7. HP: 43/50 MP: 15/15
  3936 | D:5      | Entered Level 5 of the Dungeon
  4042 | D:5      | Identified the +1 robe of Abstinence {rElec rPois rCorr
                  | Int-2}
  4363 | D:5      | Reached XP level 8. HP: 57/58 MP: 16/16
  4429 | D:5      | Found a runed translucent gate.
  4429 | D:5      | Found a runed translucent gate.
  4450 | D:5      | Found a transporter.
  4502 | D:5      | Found a runed translucent gate.
  4502 | D:5      | Noticed Icepheonix32's ghost (weakling DsDe)
  4634 | D:5      | Noticed Duvessa
  4634 | D:5      | Noticed Dowan
  4650 | D:5      | Killed Duvessa
  4670 | D:5      | Killed Dowan
  4708 | D:5      | Noticed Menkaure
  4736 | D:5      | Killed Menkaure
  4859 | D:5      | Noticed Prince Ribbit
  4878 | D:5      | Killed Prince Ribbit
  4978 | D:5      | Found a transporter.
  5007 | D:5      | Noticed Edmund
  5024 | D:5      | Killed Edmund
  5387 | D:5      | Killed Icepheonix32's ghost
  5585 | D:5      | Reached XP level 9. HP: 65/65 MP: 18/18
  5795 | D:6      | Found Poilov's General Store.
  5830 | D:6      | Noticed Pikel
  6104 | D:6      | Killed Pikel
  6105 | D:6      | Reached skill level 5 in Throwing
  6105 | D:6      | Reached skill level 5 in Dodging
  6189 | D:6      | Found a glowing silver altar of Zin.
  6341 | D:6      | Reached skill level 5 in Invocations
  6549 | D:6      | Found a broken altar of Ashenzari.
  6609 | D:6      | Found a glowing silver altar of Zin.
  6610 | D:6      | Noticed an angel
  6899 | D:7      | Noticed Maggie
  6921 | D:7      | Killed Maggie
  7058 | D:7      | Found a staircase to the Ecumenical Temple.
  7105 | Temple   | Entered the Ecumenical Temple
  7107 | Temple   | Identified a scroll of acquirement
  7243 | Temple   | Became a worshipper of Warmaster Okawaru
  7302 | D:7      | Reached XP level 10. HP: 73/73 MP: 20/20
  7307 | D:7      | Found Urhoul's Distillery.
  7377 | D:7      | Bought a potion of curing for 39 gold pieces
  7377 | D:7      | Bought a potion of invisibility for 104 gold pieces
  7377 | D:7      | Bought a potion of lignification for 39 gold pieces
  7377 | D:7      | Bought a potion of heal wounds for 65 gold pieces
  7786 | D:8      | Found Ogeossoq's Lightly-Used Armoury.
  7902 | D:8      | Reached skill level 5 in Fighting
  7902 | D:8      | Reached skill level 5 in Short Blades
  7902 | D:8      | Reached skill level 5 in Long Blades
  7902 | D:8      | Reached skill level 5 in Axes
  7902 | D:8      | Reached skill level 5 in Polearms
  7902 | D:8      | Reached skill level 5 in Staves
  7902 | D:8      | Reached skill level 5 in Slings
  7902 | D:8      | Reached skill level 5 in Bows
  7902 | D:8      | Reached skill level 5 in Crossbows
  7902 | D:8      | Reached skill level 5 in Stealth
  7902 | D:8      | Reached skill level 5 in Shields
  7902 | D:8      | Reached skill level 5 in Unarmed Combat
  7902 | D:8      | Reached skill level 5 in Evocations
  8008 | D:8      | Learned a level 2 spell: Wereblood
  8128 | D:8      | Reached * piety under Okawaru
  8311 | D:8      | Found a staircase to the Lair.
  9124 | D:9      | Reached skill level 5 in Transmutations
  9225 | D:9      | Noticed AlmostDecent's ghost (novice MiHu)
  9228 | D:9      | Found a runed translucent gate.
  9228 | D:9      | Found a runed translucent gate.
  9228 | D:9      | Found a runed translucent gate.
  9228 | D:9      | Noticed a two-headed ogre
  9229 | D:9      | Noticed a four-headed hydra
  9229 | D:9      | Noticed a cyclops
  9250 | D:9      | Reached ** piety under Okawaru
  9755 | D:9      | Noticed a two-headed ogre
  9761 | D:9      | Killed a two-headed ogre
 10231 | D:9      | Noticed a cyclops
 10245 | D:9      | Killed a cyclops
 10245 | D:9      | Reached *** piety under Okawaru
 10246 | D:9      | Reached XP level 11. HP: 79/81 MP: 20/22
 10547 | D:10     | Entered Level 10 of the Dungeon
 10548 | D:10     | Acquired the Compendium of Confrontation and Venom
 10569 | D:10     | Noticed a two-headed ogre
 10628 | D:10     | Noticed a two-headed ogre
 10877 | D:10     | Reached skill level 5 in Conjurations
 10877 | D:10     | Reached skill level 5 in Hexes
 10877 | D:10     | Reached skill level 5 in Summonings
 10877 | D:10     | Reached skill level 5 in Necromancy
 10877 | D:10     | Reached skill level 5 in Translocations
 10877 | D:10     | Reached skill level 5 in Fire Magic
 10877 | D:10     | Reached skill level 5 in Ice Magic
 10877 | D:10     | Reached skill level 5 in Air Magic
 10877 | D:10     | Reached skill level 5 in Earth Magic
 10877 | D:10     | Reached skill level 5 in Poison Magic
 10897 | D:10     | Learned a level 2 spell: Passwall
 10901 | D:10     | Learned a level 3 spell: Mephitic Cloud
 10905 | D:10     | Learned a level 3 spell: Swiftness
 11160 | D:10     | Reached **** piety under Okawaru
 11984 | D:10     | Killed a two-headed ogre
 12253 | D:10     | Killed a two-headed ogre
 12428 | D:10     | Noticed a red ugly thing
 12429 | D:10     | Noticed a cyclops
 12453 | D:10     | Killed a red ugly thing
 12623 | D:10     | Killed a cyclops
 12623 | D:10     | Received a gift from Okawaru
 12752 | D:10     | Reached ***** piety under Okawaru
 12907 | D:11     | Reached XP level 12. HP: 89/89 MP: 22/24
 13483 | D:11     | Received a gift from Okawaru
 13641 | D:11     | Identified the +1 animal skin of Tender Moments {Will++}
 13944 | D:11     | Found a staircase to the Orcish Mines.
 14918 | D:12     | Identified the +0 chain mail of Baleful Beauty {*Slow Int+5
                  | Slay+3}
 15251 | D:12     | Reached skill level 10 in Maces & Flails
 15301 | D:12     | Noticed a boulder beetle
 15403 | D:12     | Noticed an ice dragon
 15428 | D:12     | Killed an ice dragon
 15755 | D:12     | Noticed a deep troll earth mage
 15765 | D:12     | Noticed a death knight
 15808 | D:12     | Killed a deep troll earth mage
 15836 | D:12     | Killed a death knight
 15836 | D:12     | Identified the +1 chain mail of Mutualism {rN+ Will+ Str-5
                  | Stlth+} (Okawaru gifted it to you on level 12 of the
                  | Dungeon)
 15836 | D:12     | Received a gift from Okawaru
 16103 | D:12     | Killed a boulder beetle
 16638 | D:12     | Noticed a two-headed ogre
 16782 | D:12     | Killed a two-headed ogre
 16783 | D:12     | Reached XP level 13. HP: 87/98 MP: 20/26
 17155 | D:13     | Noticed Urug
 17161 | D:13     | Noticed Rupert
 17430 | D:13     | Found a gate to the Vaults.
 17595 | Lair:1   | Entered Level 1 of the Lair of Beasts
 18089 | Lair:1   | Found a runed translucent door.
 18090 | Lair:1   | Noticed Vianisch's ghost (novice MiBe)
 18120 | Lair:1   | Killed Vianisch's ghost
 21125 | Lair:2   | Received a gift from Okawaru
 21944 | Lair:3   | Found a staircase to the Snake Pit.
 22292 | Lair:3   | Reached skill level 10 in Spellcasting
 22959 | Lair:3   | Found a staircase to the Swamp.
 23404 | Lair:4   | Acquired the amulet of Domoar {Faith rC+ rN+}
 24897 | Lair:5   | Reached skill level 10 in Armour
 25043 | Lair:5   | Reached XP level 14. HP: 106/106 MP: 28/28
 25651 | Lair:5   | Learned a level 1 spell: Apportation
 25655 | Lair:5   | Learned a level 3 spell: Ozocubu's Armour
 25660 | Lair:5   | Learned a level 4 spell: Olgreb's Toxic Radiance
 25661 | Lair:6   | Entered Level 6 of the Lair of Beasts
 26093 | Lair:6   | Found a runed translucent door.
 26097 | Lair:6   | Noticed an acid blob
 26099 | Lair:6   | Found a viscous altar of Jiyva.
 26100 | Lair:6   | Found a staircase to the Slime Pits.
 26100 | Lair:6   | Noticed an acid blob
 26162 | Lair:6   | HP: 3/106 [poisoned by a sea snake]
 26168 | Lair:6   | HP: 4/106 [poisoned by a sea snake]
 26547 | Lair:6   | Received a gift from Okawaru
 27038 | Lair:6   | Reached skill level 10 in Invocations
 27126 | Lair:6   | Paralysed by a hornet for 1 turns
 28768 | Lair:6   | Reached ****** piety under Okawaru
 28772 | Lair:6   | Identified the +5 ring mail "Vygywn" {Int+4 SInv} (Okawaru
                  | gifted it to you on level 6 of the Lair of Beasts)
 28772 | Lair:6   | Received a gift from Okawaru
 29484 | Orc:1    | Entered Level 1 of the Orcish Mines
 30182 | Orc:2    | Entered Level 2 of the Orcish Mines
 30228 | Orc:2    | Noticed Josephine
 30259 | Orc:2    | Learned a level 4 spell: Airstrike
 30297 | Orc:2    | Killed Josephine
 30315 | Orc:2    | Reached skill level 10 in Throwing
 30315 | Orc:2    | Reached skill level 10 in Dodging
 30435 | Orc:2    | Found a staircase to the Elven Halls.
 30533 | Orc:2    | Found a runed translucent door.
 30534 | Orc:2    | Noticed chmiii's ghost (journeyman TrGl)
 30704 | Orc:2    | Found Lumaujer's Jewellery Shop.
 30996 | Orc:2    | Noticed Jorgrun
 30998 | Orc:2    | Paralysed by an orc sorcerer for 7 turns
 31262 | Orc:2    | Killed Jorgrun
 31263 | Orc:2    | Reached XP level 15. HP: 87/115 MP: 9/29
 31399 | Orc:2    | Noticed Saint Roka
 31588 | Orc:2    | Slain by an orc knight

Illustrated notes

Levels and vault maps discovered:
D:1:      mushboom_english_gardens, layout_basic, serial_shops, shop,
          nicolae_square_shop, ebering_ecumenical_altar_ruins,
          minmay_strange_pillars
D:2:      layout_loops_cross, serial_shops, nicolae_shop_statue_plus,
          dk_noncrumbling_3
D:3:      layout_loops_corners, pf_guarded_unrand_delatra, uniq_natasha,
          uniq_ijyb, uniq_jessica
D:4:      layout_gridville, hangedman_decor_push
D:5:      gammafunk_steamed_eel, layout_loops_ring,
          gammafunk_ghost_nasty_kobolds, uniq_menkaure, uniq_duvessa,
          uniq_prince_ribbit1, uniq_edmund
D:6:      layout_cave_pools, zin_angel, serial_park, serial_park_gazebo
          [serial_park_minivault_5x5_8], serial_park_tiny_2, serial_park_square3
          [serial_park_minivault_5x5_4], serial_park_square2, serial_shops,
          nicolae_take_the_stairs, kennysheep_pointless_box, uniq_pikel
D:7:      layout_cave_pools, temple_pool_b, serial_shops, shop, uniq_maggie
D:8:      layout_gridville, lair_entry_dummy, hangedman_decor_peaks_small,
          chequers_serial_rivers_small_b, grunt_ministairs_9,
          hangedman_decor_growths, minmay_shop_damaged,
          minmay_misc_feat_enclosed
D:9:      layout_stronghold, gammafunk_ghost_split, serial_rivers,
          chequers_serial_rivers_micro_b, chequers_serial_rivers_large_b,
          chequers_serial_rivers_micro_d, chequers_serial_rivers_small_a,
          chequers_serial_rivers_small_a, chequers_serial_rivers_marsh
D:10:     kennysheep_windowed_halls, layout_basic
D:11:     layout_basic, erik_orc_1
D:12:     minmay_containers, layout_stronghold
D:13:     kennysheep_ambush_hall, layout_irregular_city, david_vaults_3,
          nicolae_wu_jian_immortal_techniques
Temple:   roderic_octagonal_lattice_temple
Lair:1:   layout_long_grid, ebering_ghost_reflecting_pool, special_room
          [special_room_bee]
Lair:2:   layout_long_grid, nzn_random_ring, infiniplex_staircase_pool
Lair:3:   layout_hall_layers, minmay_swamp_entry_worms,
          minmay_snake_entry_spellcaster, serial_bayou_pond_c,
          chequers_serial_rivers_micro_e, minivault_24, grunt_megastairs_2
Lair:4:   layout_small_grid, nicolae_quartered_pool_super,
          minmay_stone_trees_medium, hibernation_bobbens, serial_bayou_shore_a,
          infiniplex_staircase_pool_2
Lair:5:   layout_cave_pods
Lair:6:   gammafunk_lair_ancient_temple, layout_small_grid, slime_altar_2,
          chequers_serial_rivers_small_3
Orc:1:    layout_diamond_mine, nicolae_orc_tapped_out
Orc:2:    grunt_orc_community_town_hall, layout_diamond_mine,
          grunt_orc_community_big_house_2, grunt_orc_community_big_house_2,
          grunt_orc_community_house_1, grunt_orc_community_house_1,
          grunt_orc_community_house_2, grunt_orc_community_house_3,
          grunt_orc_community_house_2, grunt_orc_community_house_2,
          ebering_ghost_reflecting_pool, uniq_jorgrun, uniq_josephine

Skill      XL: |  1  2  3  4  5  6  7  8  9 10 11 12 13 14 15 |
---------------+----------------------------------------------+-----
Transmutations | 2 3 4 5 6 7 8 |  8.5
Spellcasting   | 5 6 7 8 9 10 11 | 11.0
Invocations    | 1 2 3 4 5 6 7 8 9 10 | 10.6
Fighting       | 1 2 3 4 5 6 7 8 9 |  9.8
Short Blades   | 1 2 3 4 5 6 7 8 9 |  9.8
Long Blades    | 1 2 3 4 5 6 7 8 9 |  9.8
Axes           | 1 2 3 4 5 6 7 8 9 |  9.8
Polearms       | 1 2 3 4 5 6 7 8 9 |  9.8
Staves         | 1 2 3 4 5 6 7 8 9 |  9.8
Slings         | 1 2 3 4 5 6 7 8 9 |  9.8
Bows           | 1 2 3 4 5 6 7 8 9 |  9.8
Crossbows      | 1 2 3 4 5 6 7 8 9 |  9.8
Stealth        | 1 2 3 4 5 6 7 8 9 |  9.8
Shields        | 1 2 3 4 5 6 7 8 9 |  9.8
Unarmed Combat | 1 2 3 4 5 6 7 8 9 |  9.8
Evocations     | 1 2 3 4 5 6 7 8 9 |  9.8
Conjurations   | 1 2 3 4 5 6 7 8 |  8.1
Hexes          | 1 2 3 4 5 6 7 8 |  8.1
Summonings     | 1 2 3 4 5 6 7 8 |  8.1
Necromancy     | 1 2 3 4 5 6 7 8 |  8.1
Translocations | 1 2 3 4 5 6 7 8 |  8.1
Fire Magic     | 1 2 3 4 5 6 7 8 |  8.1
Ice Magic      | 1 2 3 4 5 6 7 8 |  8.1
Air Magic      | 1 2 3 4 5 6 7 8 |  8.1
Earth Magic    | 1 2 3 4 5 6 7 8 |  8.1
Poison Magic   | 1 2 3 4 5 6 7 8 |  8.1
Throwing       | 3 4 5 6 7 8 9 10 | 10.1
Dodging        | 3 4 5 6 7 8 9 10 | 10.1
Armour         | 5 6 7 8 9 10 | 10.8
Maces & Flails | 7 8 9 10 11 | 11.7

Action                   |  1- 3 |  4- 6 |  7- 9 | 10-12 | 13-15 || total
-------------------------+-------+-------+-------+-------+-------++-------
Melee: Mace              |    71 |   171 |   206 |       |       ||   448
       Bite              |     4 |    18 |    35 |   140 |   209 ||   406
       Punch             |       |     3 |       |       |       ||     3
       Unarmed           |       |     8 |       |       |       ||     8
       Flail             |       |       |   132 |   963 |  1432 ||  2527
 Cast: Wereblood         |       |       |       |     3 |     1 ||     4
       Mephitic Cloud    |       |       |       |     7 |     1 ||     8
       Olgreb's Toxic Ra |       |       |       |       |    40 ||    40
       Ozocubu's Armour  |       |       |       |       |     6 ||     6
       Airstrike         |       |       |       |       |     4 ||     4
Invok: Heroism           |       |       |       |     9 |    20 ||    29
       Finesse           |       |       |       |     2 |     2 ||     4
Evoke: Wand              |       |       |    19 |    18 |    27 ||    64
       Tin of tremorston |       |       |       |       |     2 ||     2
  Use: Scroll            |     1 |     1 |    13 |     7 |     9 ||    31
       Potion            |       |     1 |     4 |     3 |     5 ||    13
 Stab: Confused          |       |     1 |       |     8 |     3 ||    12
       Paralysed         |       |       |     4 |     4 |       ||     8
       Sleeping          |       |       |     2 |     8 |    13 ||    23
       Petrified         |       |       |       |       |     5 ||     5
       Distracted        |       |       |       |       |     1 ||     1
Armor: Ring mail         |    28 |     3 |       |       |    94 ||   125
       Scale mail        |       |    61 |    86 |       |       ||   147
       Skin              |       |     1 |     1 |       |       ||     2
       Acid dragon scale |       |       |     8 |   295 |   307 ||   610
Dodge: Dodged            |    51 |   151 |   162 |   742 |   917 ||  2023
       Repelled          |       |       |       |       |     3 ||     3
Block: Kite shield       |       |       |   145 |   692 |  1077 ||  1914
